 Dungeon Crawl Stone Soup version 0.27-a0-1105-g946c659c87 (webtiles) character file.

Game seed: 12566071234088156968

210 kae the Distorting Demonspawn (level 5, 0/63 HPs)
             Began as a Demonspawn Abyssal Knight on Apr 29, 2021.
             Was a Believer of Lugonu.
             Killed by divine providence
             ... invoked by an orc priest
              (13 damage)
             ... on level 4 of the Dungeon.
             The game lasted 00:01:39 (3148 turns).

kae the Distorting Demonspawn (DsAK)                Turns: 3148, Time: 00:01:40

Health: 0/63       AC: 22    Str: 12 (13) XL:     5   Next: 56%
Magic:  8/8        EV:  2    Int: 13 (15) God:    Lugonu [**....]
Gold:   171        SH:  0    Dex: 10 (13) Spells: 4/4 levels left

rFire    . . .     SeeInvis .   a - +1 falchion
rCold    . . .     Faith    .   (no shield)
rNeg     + + +     Spirit   .   (armour currently unavailable)
rPois    +         Reflect  .   (helmet currently unavailable)
rElec    .         Harm     .   (cloak currently unavailable)
rCorr    .         Rampage  .   (gloves currently unavailable)
Will     .....     NoTele   +   (boots currently unavailable)
Stlth    +.........             (no amulet)
HPRegen  0.20/turn              (no ring)
MPRegen  0.11/turn              (no ring)

@: tree-form (expiring)
A: stationary, stasis, torment immunity, boosted hp, (antennae 1), (molten
scales 1), (spiny 1), (talons 1), clever 1, evolution 1
a: Renounce Religion, Depart the Abyss, Bend Space


You were on level 4 of the Dungeon.
You worshipped Lugonu.
Lugonu was pleased with you.
You were a tree.
You visited 1 branch of the dungeon, and saw 4 of its levels.
You visited the Abyss 1 time.

You collected 171 gold pieces.

Inventory:

Hand Weapons
 a - a +1 falchion (weapon)
Armour
 b - a +0 leather armour
 g - a +0 cloak (melded)
 k - a +0 plate armour (melded)
Jewellery
 h - a ring of ice
 l - a ring of flight
Scrolls
 f - a scroll of amnesia
Potions
 c - a potion of ambrosia


   Skills:
 + Level 3.9 Fighting
 * Level 3.5 Long Blades
 + Level 2.9 Armour
 - Level 0.8 Dodging
 + Level 4.0 Invocations


You had 4 spell levels left.
You didn't know any spells.
Your spell library contained the following spells:

 Spells                   Type           Power      Damage    Failure   Level
 Animate Skeleton         Necr           0%         N/A       30%         1
 Apportation              Tloc           0%         N/A       30%         1
 Corona                   Hex            0%         N/A       30%         1
 Summon Small Mammal      Summ           0%         N/A       30%         1
 Call Imp                 Summ           0%         N/A       43%         2
 Corpse Rot               Necr/Air       N/A        N/A       43%         2
 Call Canine Familiar     Summ           0%         N/A       67%         3
 Summon Guardian Golem    Hex/Summ       0%         N/A       67%         3
 Petrify                  Tmut/Erth      0%         N/A       97%         4
 Summon Ice Beast         Ice/Summ       0%         N/A       97%         4
 Summon Lightning Spire   Summ/Air       0%         N/A       97%         4
 Simulacrum               Ice/Necr       0%         N/A       100%        6
 Statue Form              Tmut/Erth      0%         N/A       100%        6


Dungeon Overview and Level Annotations

Branches:
Dungeon (4/15)
 Temple: D:4-7

Altars:

Shops:
D:2 (


Innate Abilities, Weirdness & Mutations

You are a tree.
Your roots penetrate the ground, keeping you stationary.
You cannot be teleported.
You are immune to unholy pain and torment.
Your maximum health is greatly increased.
Your equipment is partially melded.
((You have a pair of small antennae on your head.))
((You are partially covered in molten scales. (AC +2)))
((You are partially covered in sharp spines.))
((You have sharp toenails.))
Your mind is acute. (Int +2)
You evolve.


Message History

The orc hits you but does no damage.
You closely miss the adder.
The adder is severely wounded.
You feel sick. The adder bites you but does no damage.
Something hits you but does no damage. The orc hits you but does no damage.
You closely miss the adder.
The adder is severely wounded.
Your transformation is almost over.
You feel sick.
You are no longer poisoned.
The adder bites you but does no damage. Something hits you but does no damage.
The orc completely misses you. The orc hits you but does no damage.
The adder bites you but does no damage.
An orc comes into view. It is wielding a +0 flail.
You closely miss the adder.
The adder is severely wounded.
The orc shouts!
The adder hisses angrily.
Something hits you but does no damage. The adder bites you.
* * * LOW HITPOINT WARNING * * *
The orc hits you but does no damage. x2; Something hits you but does no damage.
It was a potion of degeneration.
There was something very wrong with that liquid.
You feel weakened.
You feel dopey.
You feel clumsy. The adder bites you but does no damage.
The orc hits you from afar with a +0 trident.
* * * LOW HITPOINT WARNING * * *
The orc hits you but does no damage. The orc barely misses you.
The adder bites you.
* * * LOW HITPOINT WARNING * * *
Something hits you but does no damage.
It was a potion of mutation.
You feel extremely strange.
Your toenails lengthen and sharpen.
You feel clever.
You feel nature experimenting on you.
Don't worry, failures die fast.
The orc hits you but does no damage. x2
The adder bites you but does no damage. The orc hits you but does no damage.
Something hits you but does no damage.
You feel better.
The orc priest calls down the wrath of Beogh upon you.
Beogh smites you!
You die...

o.. ...# #.# #..# .o# #.#
#..# ### #o# #.# #..#
...#o#.#.# #..#
#.###.#.#.#.#
#######..###
......J†o.#.#
#.....[.....
.....#o###.###.#####..###
#..(.oS♣o.....#####..#
.......S{o.............#
####...####.#########.##
#### #...........#
#############


You could see a jelly, an orc priest, 2 adders and 3 orcs.

Vanquished Creatures
  A scorpion (D:4)
  An orc priest (D:3)
  A hound (D:3)
  2 adders
  A worm (D:2)
  2 dart slugs
  3 orcs (D:3)
  8 ball pythons
  7 endoplasms
  4 giant cockroaches
  8 goblins
  4 hobgoblins
  3 quokkas
  3 bats
  A frilled lizard (D:2)
  6 kobolds
  6 rats
61 creatures vanquished.

Notes
Turn   | Place    | Note
-------+----------+-------------------------------------------
     0 | Abyss:1  | kae the Demonspawn Abyssal Knight began the quest for the
                  | Orb.
     0 | Abyss:1  | Reached XP level 1. HP: 18/18 MP: 2/2
    52 | Abyss:1  | Noticed a wight
    62 | Abyss:1  | Noticed a large abomination
    64 | Abyss:1  | Noticed an efreet
    65 | D:1      | Escaped the Abyss
   231 | D:1      | Reached * piety under Lugonu
   262 | D:1      | Found a faded altar of an unknown god.
   275 | D:1      | Gained mutation: You are partially covered in sharp spines.
                  | [demonic ancestry]
   275 | D:1      | Reached XP level 2. HP: 20/24 MP: 4/4
   700 | D:1      | Reached skill level 3 in Invocations
   836 | D:1      | Reached XP level 3. HP: 24/29 MP: 5/5
  1072 | D:2      | Found Muoxenk's Antique Weapon Emporium.
  1534 | D:2      | Reached ** piety under Lugonu
  2287 | D:3      | Identified the Disquisition on Lethal Clay
  2332 | D:3      | Gained mutation: You are partially covered in molten
                  | scales. (AC +2) [demonic ancestry]
  2332 | D:3      | Reached XP level 4. HP: 29/35 MP: 6/6
  2734 | D:3      | Gained mutation: You have a pair of small antennae on your
                  | head. [demonic ancestry]
  2734 | D:3      | Reached XP level 5. HP: 42/42 MP: 7/7
  3059 | D:4      | Reached skill level 4 in Invocations
  3146 | D:4      | HP: 2/63 [adder (3)]
  3147 | D:4      | Gained mutation: You have sharp toenails. [potion of
                  | mutation]
  3147 | D:4      | Gained mutation: Your mind is acute. (Int +2) [potion of
                  | mutation]
  3147 | D:4      | Gained mutation: You evolve. [potion of mutation]
  3148 | D:4      | Killed from afar by an orc priest

Illustrated notes

Levels and vault maps discovered:
D:1:      minmay_arrival_up_and_down, layout_basic,
          hellmonk_ecumenical_altar_crossroads, minmay_hexomino_c4
D:2:      layout_loops_ring, serial_shops, shop, kennysheep_big_empty_room,
          minmay_misc_feat_alley
D:3:      layout_basic, minmay_misc_feat_secret_circle
D:4:      layout_loops_ring, general_overflow_altar, uniq_eustachio

Skill      XL: |  1  2  3  4  5 |
---------------+----------------+-----
Long Blades    | 2 3 |  3.5
Armour         | 2 |  2.9
Invocations    | 3 4 |  4.0
Fighting       | |  3.9
Dodging        | |  0.8

Action                   |  1- 3 |  4- 6 || total
-------------------------+-------+-------++-------
Melee: Falchion          |    80 |    42 ||   122
Invok: Depart the Abyss  |     1 |       ||     1
  Use: Scroll            |     6 |     2 ||     8
       Potion            |       |     4 ||     4
 Stab: Sleeping          |     2 |       ||     2
Armor: Leather armour    |    18 |       ||    18
       Plate armour      |     3 |    25 ||    28
       Skin              |       |    31 ||    31
Dodge: Dodged            |    36 |    15 ||    51
       Rpst.: Falchion   |    14 |     4 ||    18

Table legend: (Time is in decaauts)
 A = Elapsed time spent in this place.
 B = Non-inter-level travel time spent in this place.
 C = Inter-level travel time spent in this place.
 D = Time resting spent in this place.
 E = Time spent auto-exploring this place.
 F = Levels seen in this place.
 G = Mean time per level.
                   A        B        C        D        E       F      G
               +--------+--------+--------+--------+--------+-----+--------+
         Total |   3170 |   3046 |    124 |    296 |   2403 |   5 |  634.0 |
       Dungeon |   3105 |   2981 |    124 |    296 |   2350 |   4 |  776.2 |
         Abyss |     65 |     65 |      0 |      0 |     53 |   1 |   65.0 |
               +--------+--------+--------+--------+--------+-----+--------+

Top non-repeatable levels by time:
     D:2: 1017 daAuts
     D:1: 1000 daAuts
     D:3: 927 daAuts
     D:4: 160 daAuts
 Abyss:1: 65 daAuts
